 Dungeon Crawl Stone Soup version 0.25-a0-647-gd602d06ee1 (webtiles) character file.

Game seed: 7500759121275248807, levelgen mode: deterministic

10057 Amnesiac the Severer (level 11, -3/102 HPs)
             Began as a Hill Orc Fighter on Mar 21, 2020.
             Was a High Priest of Beogh.
             Slain by a troll (7 damage)
             ... on level 11 of the Dungeon.
             The game lasted 00:20:02 (9275 turns).

Amnesiac the Severer (Hill Orc Fighter)             Turns: 9275, Time: 00:20:03

Health: -3/102     AC: 12    Str: 23    XL:     11   Next: 56%
Magic:  18/18      EV:  5    Int:  8    God:    Beogh [*****.]
Gold:   506        SH: 10    Dex: 16    Spells: 10/10 levels left

rFire    . . .     SeeInvis .   a - +0 war axe
rCold    . . .     Gourm    .   c - +0 kite shield
rNeg     . . .     Faith    .   B - +0 plate armour
rPois    .         Spirit   .   m - +0 helmet
rElec    .         Reflect  .   (no cloak)
rCorr    .         Harm     .   (no gloves)
MR       .....                  (no boots)
Stlth    ..........             (no amulet)
HPRegen  0.27/turn              r - +6 ring of dexterity
MPRegen  0.16/turn              (no ring)

@: no status effects
A: walk on water
a: Smiting, Recall Orcish Followers, Give Item to Named Follower, Renounce
Religion


You were on level 11 of the Dungeon.
You worshipped Beogh.
Beogh was extremely pleased with you.
You were not hungry.

You visited 1 branch of the dungeon, and saw 11 of its levels.
You also visited: Ossuary.

You collected 506 gold pieces.

Inventory:

Hand Weapons
 a - a +0 war axe (weapon)
 b - a +0 hunting sling
Missiles
 k - 13 boomerangs
 p - 244 stones
 s - 8 poisoned darts (quivered)
 w - 66 sling bullets
 D - 2 curare-tipped darts
Armour
 c - a +0 kite shield (worn)
 m - a +0 helmet (worn)
 B - a +0 plate armour (worn)
 G - a scarf of cloud immunity
Jewellery
 r - a +6 ring of dexterity (left hand)
Wands
 v - a wand of paralysis (5)
 C - a wand of clouds (4)
 I - a wand of digging (4)
Scrolls
 h - 3 scrolls of amnesia {!r}
 j - a scroll of fear {!r}
 o - 6 scrolls of teleportation {!r}
 q - a scroll of enchant armour {!r}
 t - 2 scrolls of identify {!r}
 x - 4 scrolls of remove curse {!r}
 y - 2 scrolls of magic mapping {!r}
Potions
 d - 4 potions of might {!q}
 g - 4 potions of flight {!q, unknown}
 i - 2 potions of brilliance {!q, unknown}
 l - 3 potions of heal wounds {!q, unknown}
 n - 2 potions of curing {!q}
 u - a potion of haste {!q}
 z - 3 potions of lignification {!q}
 A - 3 potions of invisibility {!q}
 F - a potion of resistance {!q}
 H - a potion of berserk rage {!q, unknown}
Miscellaneous
 e - a lamp of fire
Comestibles
 f - 20 rations
 E - 4 chunks of flesh


   Skills:
 + Level 11.2 Fighting
 * Level 15.8 Axes
 - Level 3.2 Armour
 - Level 2.0 Dodging
 - Level 3.2 Shields
 + Level 9.4 Invocations
 + Level 3.4 Evocations


You had 10 spell levels left.
You didn't know any spells.
Your spell library contained the following spells:

 Spells                   Type           Power        Failure   Level  Hunger
 Corpse Rot               Necr/Air       N/A          100%        2    ###....
 Stone Arrow              Conj/Erth      #.....       100%        3    ####...
 Summon Forest            Summ/Tloc      #.........   100%        5    ######.
 Eringya's Noxious Bog    Tmut/Pois      #.........   100%        6    #######
 Hydra Form               Tmut           #.........   100%        6    #######
 Summon Hydra             Summ           #.........   100%        7    #######


Dungeon Overview and Level Annotations

Branches:
Dungeon (11/15)            Temple (0/1) D:7            Lair (0/6) D:10
    Orc (0/2) D:10        Ossuary (visited)

Altars:
Ashenzari
Cheibriados
Fedhas
Gozag
Hepliaklqana
Makhleb
Vehumet
Yredelemnul
Zin
The Shining One

Shops:
D:8 ?   D:10 !


Message History

a +0 shortbow; 23 arrows; a centaur corpse You butcher the centaur corpse.
E - 4 chunks of flesh
Things that are here:
a +0 shortbow; 23 arrows; a centaur skeleton
Things that are here:
a +0 shortbow; 23 arrows; a centaur skeleton
I - a wand of digging (4)
You swap places.
A troll comes into view.
The troll shouts!
Your orc priest no longer looks unusually strong.
Your orc wizard no longer looks unusually strong.
A troll is nearby!
An orc comes into view. It is wielding a +0 hand axe.
The orc shouts!
You hear a shout!
An orc comes into view.
The orc stares at you in amazement and kneels.
You block the troll's attack. The troll claws you but does no damage.
The troll claws you!
The orc moves out of view.
An orc warrior comes into view. It is wielding a +0 dire flail.
You hit the troll.
The troll is lightly wounded.
You hit the troll.
The troll is lightly wounded.
You block the troll's attack. The troll claws you but does no damage.
The troll claws you!
* * * LOW HITPOINT WARNING * * *
You slash the troll!
The troll is heavily wounded.
The troll bites you!
* * * LOW HITPOINT WARNING * * *
The troll claws you but does no damage. You block the troll's attack.
You hit the troll.
The troll is heavily wounded.
Your orc priest looks encouraged for a moment.
The troll bites you.
* * * LOW HITPOINT WARNING * * *
The troll claws you but does no damage. x2
You hit the troll.
The troll is heavily wounded.
An orc comes into view. It is wielding a +0 dagger.
The orc falls on its knees before you. You block the troll's attack.
The troll claws you but does no damage. The troll claws you!
* * * LOW HITPOINT WARNING * * *
You hit the troll.
The troll is heavily wounded.
Your orc priest mumbles some strange prayers to Beogh against the troll.
The troll is smitten.
You closely miss the troll.
The troll is almost dead.
The troll bites you!
* * * LOW HITPOINT WARNING * * *
The troll claws you.
* * * LOW HITPOINT WARNING * * *
The troll claws you.
* * * LOW HITPOINT WARNING * * *
You hit the troll but do no damage.
The troll is almost dead.
You block the troll's attack. The troll claws you!
* * * LOW HITPOINT WARNING * * *
The troll claws you!
You die...

... ... .. #.#.# o#
.####.#.#.# o#
......#.#.# o#
.....#.#.# .#
#.....#.# .##
#.....#.####o.#.#.#
#.....#...o@T.....#
#..........#o.#..#.
#........../.....
#...)#.....#..(#...
###'##.....#...# .#
#.##.....##..# .
#o##.....# ..#
###.######## #.#
#..........


You could see a troll, an orc warrior, an orc, the friendly Boderik the orc
knight, a friendly orc wizard (invisible) and 2 friendly orcs.

Vanquished Creatures
  A two-headed ogre (D:8)
  The ghost of KennyOmg the Severer, a novice MiBe of Trog (D:9)
  Pikel (D:4)
  A cyclops (D:11)
  3 hippogriffs
  9 yaks
  A human (D:10)
  A hog (D:10)
  A water moccasin (D:9)
  4 slaves (D:4)
  4 orc warriors
  4 ice beasts
  3 sky beasts
  A black bear (D:6)
  3 ogres
  5 phantoms
  A necrophage (D:8)
  4 centaurs
  2 elf zombies (Ossuary)
  3 bullfrogs
  3 elf skeletons (D:8)
  A wyvern skeleton (D:7)
  2 scorpions
  4 howler monkeys (D:7)
  A bullfrog zombie (D:5)
  3 centaur zombies
  A crimson imp (D:7)
  A quasit (D:6)
  2 human zombies
  2 gnoll shamans
  5 jellies
  3 orc priests
  6 orc wizards
  A bullfrog skeleton (D:8)
  2 centaur skeletons
  A human skeleton (D:8)
  3 iguanas
  8 worker ants
  2 killer bee zombies
  A big kobold zombie (Ossuary)
  2 hound zombies (Ossuary)
  A hound skeleton (D:4)
  3 mummies (Ossuary)
  2 howler monkey zombies
  10 gnolls
  14 adders
  2 shadow imps
  An adder zombie (Ossuary)
  An adder skeleton (D:7)
  3 worms (D:3)
  7 dart slugs
  7 leopard geckos
  33 orcs
  4 ball pythons
  8 giant cockroaches
  15 goblins
  5 hobgoblins
  2 jackals (D:1)
  6 kobolds
  4 quokkas
  3 bats
  4 frilled lizards
  5 goblin zombies (Ossuary)
  3 hobgoblin zombies (Ossuary)
  4 jackal zombies (Ossuary)
  5 kobold zombies (Ossuary)
  A leopard gecko skeleton (D:4)
  3 orc zombies
  4 quokka zombies (Ossuary)
  10 rats
  3 rat zombies (Ossuary)
  A fungus (D:10)
281 creatures vanquished.

Vanquished Creatures (collateral kills)
  2 trolls
  A wyvern (D:10)
  A hungry ghost (D:10)
  A yak (D:10)
  3 hogs (D:10)
  A porcupine (D:10)
  2 orc warriors (D:10)
  A centaur (D:10)
  2 scorpions
  2 crimson imps
  A hound (D:10)
  2 orc priests
  An iguana (D:10)
  A worker ant (D:9)
  2 orcs (D:10)
  A quokka (D:9)
  A fungus (D:10)
25 creatures vanquished.

Vanquished Creatures (others)
  3 orc wizards
  An orc priest (D:5)
  2 worker ants (D:5)
  An adder (D:5)
  8 orcs
  A giant cockroach (D:5)
16 creatures vanquished.

Grand Total: 322 creatures vanquished

Notes
Turn   | Place    | Note
-------+----------+-------------------------------------------
     0 | D:1      | Amnesiac the Hill Orc Fighter began the quest for the Orb.
     0 | D:1      | Reached XP level 1. HP: 19/19 MP: 1/1
    61 | D:1      | Reached skill level 3 in Axes
   206 | D:1      | Reached XP level 2. HP: 24/27 MP: 2/2
   389 | D:1      | Reached XP level 3. HP: 33/33 MP: 3/3
   831 | D:1      | Reached skill level 4 in Axes
   892 | D:2      | Reached skill level 1 in Dodging
  1041 | D:2      | Reached XP level 4. HP: 40/40 MP: 4/4
  1629 | D:3      | Reached skill level 5 in Axes
  1629 | D:3      | Reached XP level 5. HP: 37/47 MP: 5/5
  2323 | D:3      | Found a glowing golden altar of the Shining One.
  2486 | D:4      | Reached skill level 5 in Fighting
  2492 | D:4      | Reached skill level 6 in Axes
  2492 | D:4      | Reached XP level 6. HP: 35/56 MP: 6/6
  2701 | D:4      | Noticed a phantom
  2725 | D:4      | Killed a phantom
  2725 | D:4      | Reached skill level 7 in Axes
  2725 | D:4      | Reached XP level 7. HP: 49/62 MP: 7/7
  2985 | D:4      | Noticed Pikel
  3159 | D:4      | Killed Pikel
  3159 | D:4      | Reached skill level 9 in Axes
  3159 | D:4      | Reached XP level 8. HP: 48/71 MP: 8/8
  3432 | D:5      | Entered Level 5 of the Dungeon
  3458 | D:5      | Became a worshipper of Beogh the Brigand
  3514 | D:5      | Reached skill level 10 in Axes
  3947 | D:5      | Reached skill level 1 in Invocations
  4155 | D:5      | Found a basalt altar of Yredelemnul.
  4478 | D:6      | Reached * piety under Beogh
  4478 | D:6      | Reached skill level 11 in Axes
  4501 | D:6      | Reached XP level 9. HP: 14/81 MP: 11/11
  4504 | D:6      | Found a blossoming altar of Fedhas.
  5007 | D:6      | Found an opulent altar of Gozag.
  5007 | D:6      | Found a shattered altar of Ashenzari.
  5081 | D:6      | Found a glowing silver altar of Zin.
  5203 | D:6      | Reached ** piety under Beogh
  5250 | D:6      | Reached skill level 12 in Axes
  5333 | D:7      | Identified a paperback manual
  5389 | D:7      | Found a snail-covered altar of Cheibriados.
  5588 | D:7      | Reached skill level 5 in Invocations
  5667 | D:7      | Reached skill level 13 in Axes
  5717 | D:6      | Reached XP level 10. HP: 15/91 MP: 14/14
  6003 | D:7      | Reached *** piety under Beogh
  6223 | D:7      | Found a snail-covered altar of Cheibriados.
  6233 | D:7      | Found a staircase to the Ecumenical Temple.
  6653 | D:8      | Found Neah's Magic Scroll Shoppe.
  6811 | D:8      | Noticed a two-headed ogre
  6830 | D:8      | Killed a two-headed ogre
  6830 | D:8      | Reached skill level 10 in Fighting
  6830 | D:8      | Reached skill level 14 in Axes
  6863 | D:8      | Found a blossoming altar of Fedhas.
  6954 | D:8      | Found a sand-covered staircase.
  6968 | Ossuary  | Entered an ossuary
  7015 | Ossuary  | Reached **** piety under Beogh
  7540 | D:9      | Noticed KennyOmg's ghost (novice MiBe)
  7541 | D:9      | Found a runed translucent door.
  7805 | D:9      | Found a glowing silver altar of Zin.
  7833 | D:9      | Got a polished ring mail
  7844 | D:9      | Identified the cursed +0 ring mail of the Solstice
                  | {*Corrode rPois MR++ Dex+3} (You found it on level 9 of the
                  | Dungeon)
  7916 | D:9      | Reached skill level 1 in Evocations
  7937 | D:9      | Reached XP level 11. HP: 66/101 MP: 17/17
  7940 | D:9      | Reached skill level 15 in Axes
  8007 | D:9      | Found a hazy altar of Hepliaklqana.
  8103 | D:9      | Found a burning altar of Makhleb.
  8104 | D:9      | Found a radiant altar of Vehumet.
  8148 | D:10     | Entered Level 10 of the Dungeon
  8188 | D:9      | Killed KennyOmg's ghost
  8319 | D:10     | Gained Boderik as an ally
  8322 | D:10     | Found a staircase to the Orcish Mines.
  8571 | D:10     | Reached ***** piety under Beogh
  8921 | D:10     | Found a staircase to the Lair.
  9043 | D:10     | Found Xem Zall's Distillery.
  9160 | D:11     | Noticed a cyclops
  9172 | D:11     | Killed a cyclops
  9275 | D:11     | HP: 4/102 [troll (9)]
  9275 | D:11     | Slain by a troll

Levels and vault maps discovered:
D:1:      giann_forest_graveyard, layout_basic
D:2:      layout_loops_ring
D:3:      layout_basic, nicolae_tso_swordbearing_angel
D:4:      layout_rooms, uniq_pikel
D:5:      minmay_angry_zag, layout_loops_ring, old_standard_altar, first_ration
D:6:      layout_loops_cross, gammafunk_temple_overflow_elements, serial_glass,
          glass_columns_a, glass_columns_a, basic_altar,
          corexii_leaking_fountain, fedhas_altar_fruit_tree
D:7:      layout_gridville, old_standard_altar, minmay_temple_entry_grid,
          basic_altar
D:8:      layout_rooms, kennysheep_mini_moat, nicolae_ossuary_entry_catacombs,
          serial_shops, nicolae_shop_stone
D:9:      layout_irregular_city, lemuel_doored_altar, kennysheep_little_box,
          grunt_temple_overflow_lords_of_destruction,
          hellmonk_ghost_happy_afterlife
D:10:     layout_cave_pools, grunt_lair_entry_orc_guard_hut, serial_shops,
          kennysheep_mini, grunt_livestock
D:11:     kennysheep_ambush_hall, layout_basic, basic_altar,
          grunt_decor_mini_mirrors, minmay_shattered_shrine

Skill      XL: |  1  2  3  4  5  6  7  8  9 10 11 |
---------------+----------------------------------+-----
Axes           | 3 4 5 6 7 9 11 13 14 15 | 15.8
Fighting       | 4 5 6 8 9 10 11 | 11.2
Dodging        | 1 2 |  2.0
Invocations    | 3 6 8 9 |  9.4
Evocations     | 1 3 |  3.4
Armour         | |  3.2
Shields        | |  3.2

Action                   |  1- 3 |  4- 6 |  7- 9 | 10-12 || total
-------------------------+-------+-------+-------+-------++-------
Melee: War axe           |    80 |   166 |   411 |   422 ||  1079
 Fire: Hunting sling     |     8 |    10 |       |       ||    18
Throw: Dart              |       |     6 |    19 |     6 ||    31
       Boomerang         |       |       |     2 |       ||     2
Invok: Convert to Beogh  |       |       |     1 |       ||     1
       Smiting           |       |       |     1 |       ||     1
  Use: Scroll            |       |       |     1 |    11 ||    12
  Eat: Chunk             |     1 |     5 |     9 |     1 ||    16
       Ration            |       |       |       |     4 ||     4
Armor: Scale mail        |    37 |    66 |       |       ||   103
       Chain mail        |       |       |    77 |       ||    77
       Plate armour      |       |       |    92 |   171 ||   263
Dodge: Dodged            |    21 |    53 |    80 |    67 ||   221
Block: Kite shield       |    55 |    92 |   169 |   169 ||   485

Table legend:
 A = Non-vault XP
 B = Vault XP
 C = Vault XP percentage of total XP
 D = Non-vault monster count
 E = Vault monster count
 F = Vault count percentage of total count
                 A         B        C        D         E       F
            +---------+---------+-------+---------+---------+-------
      Total |   11007 |    3361 |  23.4 |     242 |      58 |  19.3
            +---------+---------+-------+---------+---------+-------
        D:1 |      50 |       0 |   0.0 |      25 |       0 |   0.0
        D:2 |     109 |       0 |   0.0 |      25 |       0 |   0.0
        D:3 |     138 |       0 |   0.0 |      32 |       0 |   0.0
        D:4 |     403 |     617 |  60.5 |      10 |       1 |   9.1
        D:5 |     551 |      45 |   7.6 |      18 |       3 |  14.3
        D:6 |    1372 |       0 |   0.0 |      40 |       0 |   0.0
        D:7 |    2706 |       0 |   0.0 |      42 |       0 |   0.0
        D:8 |    1434 |     330 |  18.7 |      10 |       6 |  37.5
        D:9 |    1835 |     664 |  26.6 |      16 |       2 |  11.1
       D:10 |    1362 |    1265 |  48.2 |      18 |       9 |  33.3
       D:11 |    1047 |       0 |   0.0 |       6 |       0 |   0.0
    Ossuary |       0 |     440 | 100.0 |       0 |      37 | 100.0
            +---------+---------+-------+---------+---------+-------
